 Dungeon Crawl Stone Soup version 0.28.0 (webtiles) character file.

Game seed: 13775009293599551077

54 SnakkuSnakku7 the Skirmisher (level 3, 0/34 HPs)
             Began as a Hill Orc Delver on Feb 6, 2022.
             Succumbed to an adder's poison
             ... on level 4 of the Dungeon.
             The game lasted 00:01:17 (345 turns).

SnakkuSnakku7 the Skirmisher (Hill Orc Delver)       Turns: 345, Time: 00:01:18

Health: 0/34       AC:  3    Str: 16    XL:     3   Next: 91%
Magic:  3/3        EV: 11    Int: 10    God:
Gold:   31         SH:  0    Dex: 12    Spells: 2/2 levels left

rFire   . . .      SeeInvis .   a - +0 hand axe
rCold   . . .      Faith    .   (no shield)
rNeg    . . .      Spirit   .   b - +0 leather armour
rPois   .          Reflect  .   (no helmet)
rElec   .          Harm     .   (no cloak)
rCorr   .          Rampage  .   (no gloves)
Will    .....                   (no boots)
Stlth   ++........              (no amulet)
HPRegen 0.11/turn               (no ring)
MPRegen 0.08/turn               (no ring)

@: lethally poisoned (0 -> -10), hasted, very quick
A: no striking features
a: no special abilities


You were on level 4 of the Dungeon.
You visited 1 branch of the dungeon, and saw 3 of its levels.

You collected 31 gold pieces.

Inventory:

Hand Weapons
 a - a +0 hand axe (weapon)
Armour
 b - a +0 leather armour (worn)
Wands
 g - a wand of digging (3)
Scrolls
 c - a scroll of fog
 d - a scroll of magic mapping
 e - a scroll of fear


   Skills:
 + Level 4.7 Fighting
 + Level 4.3 Axes
 - Level 1.5 Dodging
 - Level 4.1 Stealth


You had 2 spell levels left.
You didn't know any spells.
Your spell library contained the following spells:

 Spells                   Type           Power      Damage    Failure   Level
 Beastly Appendage        Tmut           0%         N/A       43%         1
 Wereblood                Tmut           0%         N/A       56%         2
 Spider Form              Tmut/Pois      0%         N/A       80%         3


Dungeon Overview and Level Annotations

Branches:
Dungeon (5/15)
 Temple: D:4-7

Altars:


Message History

You are poisoned.
The adder poisons you!
You hit the adder but do no damage.
You feel sick. The adder barely misses you.
You barely miss the adder.
You feel sick. The adder bites you. x2
You hit the adder but do no damage. You punch the adder.
The adder is lightly wounded.
You feel sick. The adder bites you.
You are more poisoned.
The adder poisons you!
You are too injured to fight recklessly!
You are too injured to fight recklessly!
You are too injured to fight recklessly!
You hit the adder.
The adder is severely wounded.
You feel sick. The adder closely misses you.
You closely miss the adder.
The adder is severely wounded.
You feel sick. The adder misses you. The adder bites you but does no damage.
You miss the adder.
The adder is severely wounded.
You feel sick. The adder bites you.
* * * LOW HITPOINT WARNING * * *
You are more poisoned.
The adder poisons you!
You miss the adder.
The adder is severely wounded.
* * * LOW HITPOINT WARNING * * *
You feel sick. The adder bites you.
* * * LOW HITPOINT WARNING * * *
The adder closely misses you.
Unknown command.
You feel yourself speed up.
* * * LOW HITPOINT WARNING * * *
You feel sick. The adder bites you.
* * * LOW HITPOINT WARNING * * *
You are more poisoned.
The adder poisons you!
You hit the adder but do no damage.
The adder is heavily wounded.
You die...

....##.....##
....#.......####
..............
...........#
#.........#
##.........#
#..........#
######.#......<##
#.........S@....#
.#####>........#
#.........#
#[.^......#
#.........#
##.......##
##.....## #######


You could see an adder.

Vanquished Creatures
  A water moccasin zombie (D:5)
  A giant cockroach (D:3)
  A frilled lizard (D:3)
3 creatures vanquished.

Vanquished Creatures (others)
  A plant (D:4)
1 creature vanquished.

Grand Total: 4 creatures vanquished

Notes
Turn   | Place    | Note
-------+----------+-------------------------------------------
     0 | D:5      | SnakkuSnakku7 the Hill Orc Delver began the quest for the
                  | Orb.
     0 | D:5      | Reached XP level 1. HP: 19/19 MP: 1/1
     3 | D:5      | Noticed an orc wizard
     3 | D:5      | Noticed a scorpion
   100 | D:5      | Noticed a water moccasin zombie
   120 | D:5      | Killed a water moccasin zombie
   121 | D:5      | Reached XP level 2. HP: 25/28 MP: 2/2
   121 | D:5      | Reached XP level 3. HP: 30/34 MP: 3/3
   345 | D:4      | Succumbed to an adder's poison

Illustrated notes

Levels and vault maps discovered:
D:3:      layout_basic, mainiacjoe_overflow_swirl,
          shapermc_ecumenical_altar_pompeii, nicolae_figureground_pulse
D:4:      layout_rooms, serial_forest, infiniplex_forest_straight_1,
          infiniplex_forest_lined_1, infiniplex_forest_straight_1,
          infiniplex_forest_straight_3, infiniplex_forest_pool,
          infiniplex_forest_clump_long, infiniplex_forest_end_3, serial_shops,
          shop, roderic_serpentine_path
D:5:      layout_basic, minmay_temple_entry_trees

Skill      XL: |  1 |
---------------+----+-----
Fighting       | 4 |  4.7
Axes           | 4 |  4.3
Dodging        | |  1.5
Stealth        | |  4.1

Action                   || total
-------------------------++-------
Melee: Hand axe          ||    30
       Punch             ||     1
  Use: Potion            ||     2
 Stab: Sleeping          ||     2
Armor: Leather armour    ||     4
Dodge: Dodged            ||    18
